Map: 10000 Feet LE

Players

BabyMarine

  • Race: Terran Terran
  • Spawn Location: 11:00

SKillous - Winner!

  • Race: Protoss Protoss
  • League: Master
  • Spawn Location: 5:00

VOD

Have the link to the VOD?

Description

Time

  • Played on: Jan. 31, 2026, 11:39 a.m.
  • Length: 9:36
Show
View Real Time Build Order
Export as new Build Order

BabyMarine Terran 

Build Orders: Cyclone Opening 

Get SALT Encoding   

  12  0:00  SCV  
  13  0:12  SCV  
  14  0:17  Supply Depot  
  14  0:24  SCV  
  15  0:38  SCV  
  15  0:40  Barracks  
  16  0:43  Refinery  
  16  0:50  SCV  
  17  1:02  SCV  
  18  1:15  SCV  
  19  1:27  Marine, Orbital Command  
  20  1:42  Command Center  
  20  1:52  Factory  
  20  1:55  SCV  
  21  2:01  Barracks Tech Lab  
  21  2:04  Supply Depot  
  21  2:07  SCV  
  22  2:12  Refinery  
  22  2:19  SCV  
  23  2:29  Barracks  
  23  2:32  SCV  
  24  2:41  Cyclone  
  24  2:42  Barracks Reactor  
  27  2:45  SCV  
  27  2:57  SCV  
  28  3:09  SCV  
  29  3:19  Marine  
  29  3:20  Marine  
  29  3:24  Barracks  
  31  3:28  SCV, Orbital Command  
  31  3:30  Factory Tech Lab, Marine, Stimpack  
  33  3:36  Engineering Bay  
  33  3:38  Marine  
  33  3:39  Marine  
  33  3:40  SCV  
  36  3:48  Siege Tank  
  39  3:51  Supply Depot  
  39  3:53  SCV  
  40  3:56  SCV  
  40  3:59  Marine  
  40  4:00  Marine  
  43  4:05  Terran Infantry Weapons Level 1  
  43  4:08  SCV  
  44  4:12  Marine  
  44  4:16  SCV  
  47  4:20  Marine x2  
  48  4:28  SCV x2  
  48  4:29  Supply Depot  
  48  4:30  Combat Shield, Supply Depot  
  50  4:32  Marine  
  50  4:37  Starport  
  51  4:40  SCV x2  
  51  4:43  Factory Reactor  
  51  4:44  Marine  
  51  4:45  Marine  
  53  4:52  Marauder x2  
  58  4:55  SCV  
  58  4:56  SCV  
  59  5:00  Bunker  
  59  5:02  Marine  
  60  5:07  SCV  
  60  5:10  SCV  
  60  5:11  Marine  
  60  5:13  Marauder  
  57  5:17  Marine  
  57  5:19  SCV  
  57  5:20  Marine  
  57  5:23  SCV  
  54  5:31  SCV  
  55  5:35  Medivac x2  
  55  5:36  Marine x2  
  55  5:40  SCV  
  61  5:44  SCV  
  61  5:48  Factory Reactor, Marine  
  61  5:49  Marauder  
  64  5:57  Refinery  
  64  5:58  SCV x2  
  64  6:00  Supply Depot x2  
  64  6:01  Marauder  
  68  6:07  Marine x2  
  70  6:15  Terran Infantry Armor Level 1  
  70  6:17  Refinery  
  70  6:21  SCV x2, Marauder  
  70  6:22  Marauder  
  70  6:23  Concussive Shells  
  75  6:27  Marine x2  
  74  6:33  SCV  
  74  6:37  SCV  
  75  6:44  Command Center  
  75  6:48  SCV  
  75  6:49  SCV  
  75  6:50  Marauder  
  79  6:56  Marine x2, Marauder  
  79  7:00  SCV  
  84  7:01  SCV  
  84  7:02  Supply Depot  
  84  7:07  Supply Depot  
  85  7:12  Marauder  
  87  7:18  Barracks  
  87  7:21  Barracks  
  87  7:22  Widow Mine x2  
  90  7:27  Barracks  
  90  7:30  SCV x2  
  90  7:31  Marine  
  96  7:37  Marauder x2  
  96  7:42  SCV  
  96  7:46  SCV  
  94  7:53  Marine x2  
  94  7:55  SCV  
  94  7:56  Medivac  
  102  7:58  Marauder x2  
  102  8:00  Medivac  
  103  8:05  SCV  
  103  8:07  SCV, Barracks Tech Lab  
  103  8:09  Factory Tech Lab  
  105  8:13  Barracks Tech Lab  
  105  8:15  Ghost Academy  
  105  8:17  SCV  
  105  8:18  Barracks Reactor  
  105  8:19  SCV  
  107  8:20  Marine x2  
  107  8:21  Marauder x2  
  113  8:32  SCV x2  
  113  8:33  Liberator  
  117  8:37  Liberator  
  117  8:40  Siege Tank  
  123  8:44  SCV x2  
  125  8:48  Supply Depot  
  123  8:55  Ghost x2  
  123  9:01  SCV x2  
  129  9:05  Barracks Tech Lab  
  129  9:09  Marine  
  129  9:10  Marine x2  
  129  9:16  SCV x2  
Show
View Real Time Build Order
Export as new Build Order

SKillous Protoss - Winner!

Build Orders: 1 Gate Expand, Blink Stalkers 

Get SALT Encoding   

  12  0:00  Probe  
  13  0:12  Probe  
  14  0:17  Pylon  
  14  0:23  Probe  
  15  0:31  Probe  
  16  0:36  Gateway  
  16  0:39  Probe  
  16  0:45  Assimilator  
  17  0:51  Probe  
  18  1:03  Probe  
  19  1:15  Probe  
  20  1:25  Cybernetics Core  
  20  1:34  Nexus  
  20  1:35  Probe  
  21  1:40  Pylon  
  21  1:45  Assimilator  
  21  1:48  Probe  
  21  1:50  Adept  
  22  2:00  Probe  
  22  2:01  Warp Gate  
  25  2:10  Adept  
  25  2:12  Probe  
  28  2:24  Probe  
  28  2:27  Twilight Council  
  29  2:37  Probe  
  30  2:42  Probe, Stalker  
  30  2:46  Blink  
  30  2:49  Probe  
  30  2:50  Probe  
  35  3:01  Probe, Gateway  
  35  3:02  Probe  
  37  3:13  Probe  
  37  3:14  Probe  
  39  3:24  Robotics Facility  
  39  3:25  Probe  
  39  3:26  Probe  
  41  3:27  Gateway  
  41  3:37  Probe  
  41  3:38  Probe  
  41  3:39  Pylon  
  43  3:49  Probe  
  43  3:51  Probe  
  45  3:56  Pylon  
  45  3:57  Stalker  
  45  3:58  Stalker  
  45  4:00  Warp Prism  
  45  4:01  Assimilator, Probe  
  50  4:03  Probe  
  51  4:15  Probe  
  54  4:20  Pylon  
  54  4:24  Stalker x2  
  58  4:25  Stalker  
  60  4:36  Pylon  
  60  4:48  Observer  
  60  4:52  Stalker x2, Nexus  
  65  4:54  Stalker  
  68  5:00  Probe x2  
  67  5:21  Charge  
  61  5:22  Probe x2  
  61  5:25  Stalker x3  
  67  5:30  Probe x2  
  67  5:34  Gateway  
  67  5:36  Gateway  
  67  5:37  Gateway  
  67  5:39  Probe x2  
  67  5:51  Probe x2, Zealot x3  
  67  5:55  Pylon  
  75  6:02  Probe  
  75  6:03  Probe  
  77  6:05  Probe  
  77  6:10  Probe  
  78  6:14  Gateway, Probe, Templar Archives  
  78  6:15  Probe  
  78  6:16  Gateway  
  81  6:18  Probe  
  81  6:23  Pylon, Probe, Sentry, Assimilator  
  84  6:27  Probe  
  84  6:30  Probe  
  87  6:41  Probe  
  87  6:43  Zealot x5  
  87  6:46  Assimilator  
  98  6:53  Psionic Storm  
  98  6:55  Immortal, High Templar  
  98  6:56  Probe x3  
  98  7:00  Pylon  
  103  7:02  Pylon  
  103  7:03  Assimilator  
  103  7:04  Pylon  
  103  7:07  Pylon  
  107  7:15  Pylon  
  107  7:17  Probe  
  107  7:18  Probe x2, High Templar x2  
  114  7:27  Pylon  
  114  7:28  Zealot x6  
  126  7:30  Immortal  
  126  7:52  High Templar x3  
  126  7:53  Zealot x5  
  126  7:57  Pylon  
  140  7:59  Nexus  
  140  8:05  Pylon  
  140  8:10  Immortal  
  143  8:13  Forge  
  143  8:14  Forge  
  143  8:26  High Templar x3  
  149  8:27  Zealot x5  
  149  8:31  Archon  
  159  8:37  Gateway  
  159  8:41  Gateway  
  159  8:45  Pylon  
  155  8:58  Zealot x7  
  155  9:01  Zealot  
Tags
 
Add a new tag
Caveats
  • Supply blocks, unpowered buildings, or Contaminate may cause inaccurate times.
  • Supply counts are checked every 10 seconds.